 Dungeon Crawl Stone Soup version 0.28-a0-823-gb444dcf96d (webtiles) character file.

Game seed: 15893401373153899715

377 Gargoyl the Skirmisher (level 6, -1/53 HPs)
             Began as a Gnoll Abyssal Knight on Nov 10, 2021.
             Was a Believer of Lugonu.
             Killed by divine providence
             ... invoked by an orc priest
              (11 damage)
             ... on level 4 of the Dungeon.
             The game lasted 00:05:13 (4355 turns).

Gargoyl the Skirmisher (Gnoll Abyssal Knight)       Turns: 4355, Time: 00:05:13

Health: -1/53      AC: 18    Str: 14    XL:     6   Next: 73%
Magic:  9/9        EV:  2    Int: 10    God:    Lugonu [**....]
Gold:   201        SH:  7    Dex: 12    Spells: 9/9 levels left

rFire   . . .      SeeInvis .   j - +3 hand axe
rCold   . . .      Faith    .   i - +0 kite shield
rNeg    . . .      Spirit   .   d - +0 plate armour
rPois   .          Reflect  .   h - +0 helmet
rElec   .          Harm     .   m - +0 cloak
rCorr   .          Rampage  .   g - +1 pair of gloves
Will    .....                   (no boots)
Stlth   ..........              (no amulet)
HPRegen 0.17/turn               (no ring)
MPRegen 0.11/turn               (no ring)

@: no status effects
A: fangs 1, strong nose, distributed training, hooves 1, iridescent scales 1,
wild magic 1
a: Renounce Religion, Depart the Abyss, Bend Space


You were on level 4 of the Dungeon.
You worshipped Lugonu.
Lugonu was pleased with you.
You visited 1 branch of the dungeon, and saw 4 of its levels.
You visited the Abyss 1 time.

You collected 201 gold pieces.

Inventory:

Hand Weapons
 a - a +1 hand axe
 j - a +3 hand axe (weapon)
Missiles
 f - 11 poisoned darts
 o - 4 curare-tipped darts (quivered)
Armour
 d - a +0 plate armour (worn)
 g - a +1 pair of gloves (worn)
 h - a +0 helmet (worn)
 i - a +0 kite shield (worn)
 m - a +0 cloak (worn)
Scrolls
 c - a scroll of magic mapping
 k - a scroll of immolation {unknown}
 l - a scroll of silence {unknown}
 p - a scroll of fog
Potions
 b - a potion of attraction {unknown}
 e - 2 potions of flight
 n - a potion of lignification {unknown}


   Skills:
 + Level 6.9 Fighting
 + Level 2.1 Short Blades
 + Level 2.1 Long Blades
 + Level 5.0 Axes
 + Level 2.1 Maces & Flails
 + Level 2.1 Polearms
 + Level 2.1 Staves
 + Level 2.1 Slings
 + Level 2.1 Bows
 + Level 2.1 Crossbows
 + Level 2.1 Throwing
 + Level 5.0 Armour
 + Level 3.3 Dodging
 + Level 2.1 Stealth
 + Level 2.1 Shields
 + Level 2.1 Unarmed Combat
 + Level 2.1 Spellcasting
 + Level 1.6 Conjurations
 + Level 1.6 Hexes
 + Level 1.6 Summonings
 + Level 1.6 Necromancy
 + Level 1.6 Translocations
 + Level 1.6 Transmutations
 + Level 1.6 Fire Magic
 + Level 1.6 Ice Magic
 + Level 1.6 Air Magic
 + Level 1.6 Earth Magic
 + Level 1.6 Poison Magic
 + Level 5.1 Invocations
 + Level 2.1 Evocations


You had 9 spell levels left.
You didn't know any spells.
Your spell library contained the following spells:

 Spells                   Type           Power      Damage    Failure   Level
 Scorch                   Fire           10%        2d5       100%        2
 Flame Wave               Conj/Fire      5%         3d4       100%        4
 Summon Cactus Giant      Summ           2%         N/A       100%        6


Dungeon Overview and Level Annotations

Branches:
Dungeon (4/15)
 Temple: D:4-7

Altars:
Yredelemnul


Innate Abilities, Weirdness & Mutations

You have very sharp teeth.
Your uncanny sense of smell can sniff out nearby items.
Your experience applies equally to all skills.
You have large cloven feet.
You are partially covered in iridescent scales. (AC +2)
Your spells are a little harder to cast, but a little more powerful.


Message History

You closely miss the orc. You kick the orc.
The orc is severely wounded.
You hit the orc. The orc hits you but does no damage. x2
The orc priest calls upon Beogh to heal the orc.
The orc's wounds heal themselves!
You slash the orc!
You kill the orc!
Lugonu accepts your kill.
You hit the orc but do no damage.
The orc priest calls down the wrath of Beogh upon you.
Beogh smites you! You block the orc's attack.
You hear a shout!
Found 9 gold pieces.
The orc hits you but does no damage.
The orc priest hits you but does no damage.
An orc priest comes into view. It is wielding a +0 hand axe.
Things that are here:
a +0 flail; an orc corpse You hit the orc priest.
Your bite misses the orc priest.
The orc priest is lightly wounded.
You hit the orc.
You kill the orc!
Lugonu accepts your kill.
The orc priest mumbles some strange prayers to Beogh against you.
Beogh smites you!
The orc priest looks satisfied for a moment.
You completely miss the orc priest.
The orc priest is lightly wounded.
You block the orc priest's attack.
The orc priest mumbles some strange prayers to Beogh against you.
Beogh smites you!
* * * LOW HITPOINT WARNING * * *
You barely miss the orc priest. Your kick misses the orc priest.
The orc priest is lightly wounded.
The orc priest begins to cast a cantrip, but forgets the words!
Unknown command.
You closely miss the orc priest. You kick the orc priest.
The orc priest is heavily wounded.
The orc priest calls down the wrath of Beogh upon you.
Beogh smites you!
You die...

###...#.......#####.
#...#.......##....
##.##.......##.##.
#.##.......##.##)
#####.##.......##.#..
#..............##.#.#
#.##.###.#####.##.#.#
####.##.#
#.......#.....
#.....o@#
#########.##.#
#.##.##o# #.##.# #
..o #'##.# ##.#.
##.##.# ..#.# #8.8###
#.. . ##.## ### #$
##.## .. #8.8# ##.##


You could see 2 orc priests and an orc.

Vanquished Creatures
  A water moccasin (D:3)
  Blork the orc (D:4)
  3 orc wizards
  4 gnolls
  3 adders
  An adder skeleton (D:4)
  A worm (D:1)
  A dart slug (D:2)
  7 orcs
  5 bats
  7 endoplasms
  6 hobgoblins
  3 kobolds
  3 quokkas
  5 ball pythons
  3 frilled lizards
  5 goblins
  3 rats (D:1)
62 creatures vanquished.

Notes
Turn   | Place    | Note
-------+----------+-------------------------------------------
     0 | Abyss:1  | Gargoyl the Gnoll Abyssal Knight began the quest for the
                  | Orb.
     0 | Abyss:1  | Reached XP level 1. HP: 23/23 MP: 3/3
   104 | Abyss:1  | Noticed a tormentor
   157 | Abyss:1  | Noticed an iron imp
   184 | Abyss:2  | Noticed a large abomination
   206 | Abyss:2  | Noticed a tentacled starspawn
   209 | D:1      | Escaped the Abyss
   257 | D:1      | Reached * piety under Lugonu
   320 | D:1      | You fall into a shaft and drop 1 floor!
   324 | D:2      | Reached XP level 2. HP: 26/29 MP: 5/5
   474 | D:1      | Reached XP level 3. HP: 35/35 MP: 6/6
  1836 | D:1      | Reached skill level 1 in Short Blades
  1836 | D:1      | Reached skill level 1 in Long Blades
  1836 | D:1      | Reached skill level 1 in Maces & Flails
  1836 | D:1      | Reached skill level 1 in Polearms
  1836 | D:1      | Reached skill level 1 in Staves
  1836 | D:1      | Reached skill level 1 in Slings
  1836 | D:1      | Reached skill level 1 in Bows
  1836 | D:1      | Reached skill level 1 in Crossbows
  1836 | D:1      | Reached skill level 1 in Throwing
  1836 | D:1      | Reached skill level 1 in Stealth
  1836 | D:1      | Reached skill level 1 in Shields
  1836 | D:1      | Reached skill level 1 in Unarmed Combat
  1836 | D:1      | Reached skill level 1 in Spellcasting
  1836 | D:1      | Reached skill level 1 in Evocations
  1836 | D:1      | Reached XP level 4. HP: 28/41 MP: 7/7
  2447 | D:2      | Reached skill level 1 in Conjurations
  2447 | D:2      | Reached skill level 1 in Hexes
  2447 | D:2      | Reached skill level 1 in Summonings
  2447 | D:2      | Reached skill level 1 in Necromancy
  2447 | D:2      | Reached skill level 1 in Translocations
  2447 | D:2      | Reached skill level 1 in Transmutations
  2447 | D:2      | Reached skill level 1 in Fire Magic
  2447 | D:2      | Reached skill level 1 in Ice Magic
  2447 | D:2      | Reached skill level 1 in Air Magic
  2447 | D:2      | Reached skill level 1 in Earth Magic
  2447 | D:2      | Reached skill level 1 in Poison Magic
  2459 | D:2      | Found a basalt altar of Yredelemnul.
  2558 | D:2      | Found a faded altar of an unknown god.
  2857 | D:3      | Noticed a water moccasin
  2864 | D:3      | Gained mutation: Your spells are a little harder to cast,
                  | but a little more powerful. [potion of mutation]
  2864 | D:3      | Gained mutation: You are partially covered in iridescent
                  | scales. (AC +2) [potion of mutation]
  2864 | D:3      | Gained mutation: You have large cloven feet. [potion of
                  | mutation]
  2878 | D:3      | Killed a water moccasin
  2879 | D:3      | Reached XP level 5. HP: 10/47 MP: 8/8
  3355 | D:3      | Reached skill level 5 in Invocations
  3448 | D:3      | Reached XP level 6. HP: 53/53 MP: 9/9
  3449 | D:3      | Reached ** piety under Lugonu
  4162 | D:4      | Noticed Blork the orc
  4172 | D:4      | Killed Blork the orc
  4173 | D:4      | Reached skill level 5 in Axes
  4173 | D:4      | Reached skill level 5 in Armour
  4355 | D:4      | Killed from afar by an orc priest

Illustrated notes

Levels and vault maps discovered:
D:1:      erik_arrival_cave_to_civilisation [erik_arrival_cave_to_hall],
          layout_loops_ring
D:2:      layout_basic, hellmonk_ecumenical_altar_slurped_away, basic_altar
D:3:      layout_basic
D:4:      layout_loops_cross, serial_shops, shop, dk_noncrumbling_2,
          chequers_mini_garden, fountainhead, uniq_blork_the_orc

Skill      XL: |  1  2  3  4  5  6 |
---------------+-------------------+-----
Short Blades   | 1 2 |  2.1
Long Blades    | 1 2 |  2.1
Maces & Flails | 1 2 |  2.1
Polearms       | 1 2 |  2.1
Staves         | 1 2 |  2.1
Slings         | 1 2 |  2.1
Bows           | 1 2 |  2.1
Crossbows      | 1 2 |  2.1
Throwing       | 1 2 |  2.1
Stealth        | 1 2 |  2.1
Shields        | 1 2 |  2.1
Unarmed Combat | 1 2 |  2.1
Spellcasting   | 1 2 |  2.1
Evocations     | 1 2 |  2.1
Conjurations   | 1 |  1.6
Hexes          | 1 |  1.6
Summonings     | 1 |  1.6
Necromancy     | 1 |  1.6
Translocations | 1 |  1.6
Transmutations | 1 |  1.6
Fire Magic     | 1 |  1.6
Ice Magic      | 1 |  1.6
Air Magic      | 1 |  1.6
Earth Magic    | 1 |  1.6
Poison Magic   | 1 |  1.6
Dodging        | 3 |  3.3
Invocations    | 5 |  5.1
Axes           | 5 |  5.0
Armour         | 5 |  5.0
Fighting       | |  6.9

Action                   |  1- 3 |  4- 6 || total
-------------------------+-------+-------++-------
Melee: Hand axe          |    81 |   123 ||   204
       Bite              |     7 |    14 ||    21
       Kick              |       |    23 ||    23
Throw: Dart              |       |     8 ||     8
Invok: Depart the Abyss  |     1 |       ||     1
  Use: Scroll            |     4 |     1 ||     5
       Potion            |       |     1 ||     1
Armor: Plate armour      |    65 |   105 ||   170
Dodge: Dodged            |    19 |    22 ||    41
Block: Kite shield       |       |    20 ||    20

Table legend: (Time is in decaauts)
 A = Elapsed time spent in this place.
 B = Non-inter-level travel time spent in this place.
 C = Inter-level travel time spent in this place.
 D = Time resting spent in this place.
 E = Time spent auto-exploring this place.
 F = Levels seen in this place.
 G = Mean time per level.
                   A        B        C        D        E       F      G
               +--------+--------+--------+--------+--------+-----+--------+
         Total |   4388 |   4287 |    101 |    629 |   3001 |   6 |  731.3 |
       Dungeon |   4180 |   4079 |    101 |    629 |   2838 |   4 | 1045.0 |
         Abyss |    208 |    208 |      0 |      0 |    163 |   2 |  104.0 |
               +--------+--------+--------+--------+--------+-----+--------+

Top non-repeatable levels by time:
     D:1: 1839 daAuts
     D:3: 1241 daAuts
     D:2: 792 daAuts
     D:4: 307 daAuts
 Abyss:1: 161 daAuts
 Abyss:2: 47 daAuts
